 Dungeon Crawl Stone Soup version 0.18.1-8-gdd0e5ea (webtiles) character file.

195 GordonOverkill the Conjurer (level 5, -1/38 HPs)
             Began as a Draconian Conjurer on June 6, 2016.
             Was an Initiate of Sif Muna.
             Slain by an orc warrior
             ... wielding a +0 short sword
              (10 damage)
             ... on level 3 of the Dungeon on June 10, 2016.
             The game lasted 00:14:30 (3430 turns).

GordonOverkill the Conjurer (Draconian Conjurer)    Turns: 3430, Time: 00:14:31

Health: -1/38      AC:  5    Str: 10    XL:     5   Next: 45%
Magic:  4/8        EV: 12    Int: 16    God:    Sif Muna [......]
Gold:   74         SH:  0    Dex: 12    Spells: 3 memorised, 2 levels left

rFire  . . .     SeeInvis .     i - +0 short sword
rCold  . . .     Gourm    .     (armour unavailable)
rNeg   . . .     Faith    .     (no shield)
rPois  .         Spirit   .     e - +0 hat
rElec  .         Dismiss  .     (no cloak)
rCorr  .         Reflect  .     (no gloves)
SustAt .         Harm     .     (no boots)
MR     .....                    (no amulet)
Stlth  ++........               (no ring)
                                (no ring)

@: not resistant to hostile enchantments, unstealthy
A: unfitting armour, cold-blooded, AC +5
a: Renounce Religion


You were on level 3 of the Dungeon.
You worshipped Sif Muna.
Sif Muna was noncommittal.
You were hungry.

You visited 1 branch of the dungeon, and saw 3 of its levels.

You collected 74 gold pieces.

Inventory:

Hand Weapons
 i - a +0 short sword (weapon)
Armour
 e - a +0 hat (worn)
Jewellery
 k - an uncursed ring of protection from fire {unknown}
 m - a +5 ring of evasion {unknown}
Wands
 q - a wand of flame (13/48)
Scrolls
 l - a scroll of magic mapping {unknown}
 n - a scroll of identify {unknown}
 o - a scroll of amnesia {unknown}
Potions
 c - 2 potions of agility {unknown}
 d - a potion of brilliance {unknown}
 f - 3 potions of curing {unknown}
 g - 2 potions of flight {unknown}
 j - 3 potions of berserk rage {unknown}
 p - a potion of cancellation {unknown}
Books
 a - a book of Conjurations

   Spells                             Type                      Level
   a - Magic Dart                     Conjuration                  1
   b - Searing Ray                    Conjuration                  2
   c - Dazzling Spray                 Conjuration/Hexes            3
   d - Fulminant Prism                Conjuration/Hexes            4
   e - Iskenderun's Mystic Blast      Conjuration                  4
   f - Iskenderun's Battlesphere      Conjuration/Charms           5
Comestibles
 b - 2 bread rations
 h - 4 fruits
 r - a meat ration
 s - a slice of pizza


   Skills:
 - Level 1.7 Dodging
 - Level 1.7 Stealth
 - Level 2.0 Spellcasting
 + Level 6.8 Conjurations


You had 2 spell levels left.
You knew the following spells:

 Your Spells              Type           Power        Failure   Level  Hunger
a - Magic Dart            Conj           ###.         1%          1    #......
b - Searing Ray           Conj           ###...       1%          2    ###....
c - Dazzling Spray        Conj/Hex       ##......     17%         3    ###....


Dungeon Overview and Level Annotations

Branches:
Dungeon (3/15)

Altars:
Ashenzari
Dithmenos
Kikubaaqudgha
Sif Muna


Innate Abilities, Weirdness & Mutations

Your plain brown scales are hard (AC +5).
Your body does not fit into most forms of armour.
You are cold-blooded and may be slowed by cold attacks.


Message History

You see here a stone.
Unknown command.
A worm comes into view.
You are feeling hungry.
Casting: Searing Ray
Confirm with . or Enter, or press ? or * to list all spells.
Aiming: Searing Ray
Press: ? - help, Shift-Dir - straight line, f - orc
Aim: an orc The searing ray hits the orc warrior.
The orc warrior is lightly wounded.
The orc warrior misses you.
The searing ray hits the orc warrior.
The orc warrior is lightly wounded.
The orc warrior hits you with a short sword!
* * * LOW HITPOINT WARNING * * *
The searing ray hits the orc warrior.
The orc warrior is lightly wounded.
The orc warrior hits you with a short sword!
You die...

#........# #........#
#........# ##...w....#
#.........# # #.o.......#
#.. #.##.######
#....########.##.#
.......@oo..w.##o#
#...#######...##.# ## #
..########..##K## ###.
.<..............###...
...>.......#.#........
####..####...............
.....####.....#...#...###
..............##....#.# .
#####..#......#....#..#


You could see an orc warrior, a worm and an orc.

Vanquished Creatures
  A giant frog (D:3)
  An iguana (D:3)
  5 adders
  A worm (D:3)
  A dart slug (D:1)
  2 giant geckos
  4 ball pythons
  8 bats
  4 giant cockroaches
  5 goblins
  3 hobgoblins
  11 kobolds
  A giant newt (D:2)
  10 rats
57 creatures vanquished.

Notes
Turn   | Place    | Note
--------------------------------------------------------------
     0 | D:1      | GordonOverkill the Draconian Conjurer began the quest for the Orb.
     0 | D:1      | Reached XP level 1. HP: 14/14 MP: 3/3
   385 | D:1      | Reached XP level 2. HP: 12/20 MP: 3/5
   522 | D:1      | Learned a level 2 spell: Searing Ray
  1163 | D:1      | Reached skill level 5 in Conjurations
  1163 | D:1      | Reached XP level 3. HP: 26/26 MP: 0/6
  1168 | D:1      | Learned a level 3 spell: Dazzling Spray
  1547 | D:2      | Found a shattered altar of Ashenzari.
  1550 | D:2      | Found a deep blue altar of Sif Muna.
  1559 | D:2      | Found an ancient bone altar of Kikubaaqudgha.
  1641 | D:2      | Became a worshipper of Sif Muna the Loreminder
  2624 | D:3      | Found a shadowy altar of Dithmenos.
  2689 | D:3      | Reached XP level 4. HP: 33/33 MP: 4/7
  2920 | D:3      | Reached skill level 6 in Conjurations
  3273 | D:3      | Noticed an orc warrior
  3274 | D:3      | Noticed a giant frog
  3296 | D:3      | Killed a giant frog
  3296 | D:3      | Reached XP level 5. HP: 27/38 MP: 0/8
  3430 | D:3      | Slain by an orc warrior

Skill      XL: |  1  2  3  4 |
---------------+-------------+-----
Conjurations   | 5 6 |  6.8
Dodging        | |  1.7
Stealth        | |  1.7
Spellcasting   | |  2.0

Action                   |  1- 3 |  4- 6 || total
-------------------------+-------+-------++-------
Melee: Unarmed           |     1 |       ||     1
       Short sword       |     6 |     5 ||    11
 Cast: Magic Dart        |    85 |    34 ||   119
       Searing Ray       |       |     4 ||     4
  Eat: Chunk             |     4 |     1 ||     5
       Bread ration      |     1 |       ||     1
Armor: Skin              |    21 |     6 ||    27
Dodge: Dodged            |    21 |    20 ||    41
